 Dungeon Crawl Stone Soup version 0.26-a0-667-g92642533e4 (webtiles) character file.

Game seed: 5639034145846345272

380 ANON1729 the Cudgeler (level 6, -3/52 HPs)
             Began as a Minotaur Wanderer on Oct 18, 2020.
             Killed from afar by an orc wizard (5 damage)
             ... with a magic dart
             ... on level 4 of the Dungeon.
             The game lasted 00:06:24 (5098 turns).

ANON1729 the Cudgeler (Minotaur Wanderer)           Turns: 5098, Time: 00:06:25

Health: -3/52      AC:  4    Str: 20    XL:     6   Next: 46%
Magic:  7/7        EV: 11    Int: 10    God:
Gold:   255        SH:  0    Dex:  7    Spells: 8/8 levels left

rFire    . . .     SeeInvis .   a - +0 club
rCold    . . .     Faith    .   (no shield)
rNeg     . . .     Spirit   .   d - +0 robe
rPois    .         Reflect  .   (helmet restricted)
rElec    .         Harm     .   (no cloak)
rCorr    .         Rampage  .   p - +1 pair of gloves
MR       .....                  (no boots)
Stlth    +.........             (no amulet)
HPRegen  0.17/turn              (no ring)
MPRegen  0.10/turn              (no ring)

@: no status effects
A: retaliatory headbutt, horns 2
a: no special abilities


You were on level 4 of the Dungeon.
You visited 1 branch of the dungeon, and saw 4 of its levels.

You collected 255 gold pieces.

Inventory:

Hand Weapons
 a - a +0 club (weapon)
Missiles
 f - 155 stones (quivered)
Armour
 d - a +0 robe (worn)
 p - a +1 pair of gloves (worn)
Jewellery
 o - a +6 ring of dexterity {unknown}
 s - an uncursed ring of ice {unknown}
Wands
 c - a wand of random effects (7)
Scrolls
 e - 3 scrolls of remove curse {unknown}
 g - 3 scrolls of teleportation {unknown}
 h - 4 scrolls of identify {unknown}
 i - a scroll of random uselessness {unknown}
 j - a scroll of immolation {unknown}
 q - a scroll of amnesia {unknown}
 r - a scroll of magic mapping {unknown}
 t - a scroll of blinking {unknown}
 u - a scroll of enchant armour {unknown}
Potions
 b - a potion of cancellation {unknown}
 k - a potion of degeneration {unknown}
 l - a potion of lignification
 m - a potion of ambrosia {unknown}
 n - 2 potions of curing


   Skills:
 + Level 3.8 Fighting
 + Level 5.9 Maces & Flails
   Level 1.2 Shields
 - Level 1.8 Spellcasting
   Level 1.5 Transmutations
   Level 1.0 Earth Magic
 + Level 3.5 Evocations


You had 8 spell levels left.
You didn't know any spells.
Your spell library contained the following spells:

 Spells                   Type           Power        Failure   Level
 Sandblast                Erth           #.....       22%         1
 Sting                    Tmut/Pois      #...         24%         1
 Passwall                 Tmut/Erth      #.......     28%         2
 Stone Arrow              Conj/Erth      #.....       61%         3
 Mephitic Cloud           Conj/Pois/Air  #.......     67%         3
 Petrify                  Tmut/Erth      #.......     88%         4
 Lee's Rapid Deconstruct  Erth           #.........   99%         5


Dungeon Overview and Level Annotations

Branches:
Dungeon (4/15)
 Temple: D:4-7

Altars:
Kikubaaqudgha
Qazlal
Ru
Sif Muna


Innate Abilities, Weirdness & Mutations

You reflexively headbutt those who attack you in melee.
You have a pair of horns on your head.


Message History

Your transformation is almost over.
Something hits you but does no damage.
You hit something. Something hits you but does no damage.
You hit something but do no damage. Something hits you but does no damage.
You miss something. Something hits you.
* * * LOW HITPOINT WARNING * * *
You hit something but do no damage. Something hits you but does no damage.
You barely miss something. Something hits you but does no damage.
You hit something but do no damage. Something hits you but does no damage.
You closely miss something. Something hits you but does no damage.
You barely miss something.
You feel less wooden.
Your +1 pair of gloves unmelds from your body.
Your +0 robe unmelds from your body.
Something hits you.
* * * LOW HITPOINT WARNING * * *
You miss something.
You hear some strange, mumbled words.
A magic dart appears from out of thin air!
The magic dart hits you.
You die...

..#.# #... +#.
####.#.###.♣♣♣#.♣
#....#.....♣.....
#......##...♣P..♣
#......####.♣♣♣..
#......# ##§♣♣..♣
#......# #§§♣♣.♣.
##).....###♣§..§..
#@.........♣§♣..P♣
#{####.###.P♣♣♣♣♣♣
#)# #.# #... #.#
#.# ##.P #.# .. #.
#.# . #♣ #.# +.#
###


There were no monsters in sight!

Vanquished Creatures
  A phantom (D:3)
  A scorpion (D:2)
  A hound (D:4)
  An orc wizard (D:4)
  An orc priest (D:3)
  5 adders
  An ooze (D:1)
  An adder skeleton (D:4)
  3 worms
  2 dart slugs (D:3)
  4 leopard geckos
  9 orcs
  8 bats
  7 giant cockroaches
  7 goblins
  9 hobgoblins
  4 quokkas
  5 frilled lizards
  7 kobolds
  7 rats
84 creatures vanquished.

Vanquished Creatures (others)
  3 plants (D:4)
3 creatures vanquished.

Grand Total: 87 creatures vanquished

Notes
Turn   | Place    | Note
-------+----------+-------------------------------------------
     0 | D:1      | ANON1729 the Minotaur Wanderer began the quest for the Orb.
     0 | D:1      | ANON1729 set off with the following items: a +0 club, a
                  | wand of random effects (15), a +0 robe; and the following
                  | spells available to memorise: Sandblast, Sting, Passwall,
                  | Stone Arrow, Mephitic Cloud, Petrify, Lee's Rapid
                  | Deconstruction
     0 | D:1      | Reached XP level 1. HP: 14/14 MP: 1/1
   396 | D:1      | Reached XP level 2. HP: 20/20 MP: 3/3
   541 | D:1      | Reached skill level 4 in Maces & Flails
   921 | D:1      | Reached XP level 3. HP: 22/26 MP: 4/4
  1391 | D:2      | Found a stormy altar of Qazlal.
  1498 | D:2      | Noticed a scorpion
  1704 | D:2      | Killed a scorpion
  1704 | D:2      | Reached skill level 1 in Fighting
  1704 | D:2      | Reached XP level 4. HP: 15/36 MP: 5/5
  2319 | D:2      | Found a sacrificial altar of Ru.
  2511 | D:2      | Reached skill level 5 in Maces & Flails
  2735 | D:2      | Found an ancient bone altar of Kikubaaqudgha.
  3251 | D:3      | Reached XP level 5. HP: 12/41 MP: 6/6
  3975 | D:3      | Noticed a phantom
  4005 | D:3      | HP: 1/44 [phantom (9)]
  4017 | D:3      | Killed a phantom
  4017 | D:3      | Reached XP level 6. HP: 4/51 MP: 7/7
  4358 | D:3      | Found a shimmering blue altar of Sif Muna.
  5076 | D:4      | HP: 1/78 [something/puff of flame (9)]
  5097 | D:4      | HP: 2/52 [something (1)]
  5098 | D:4      | Killed from afar by an orc wizard

Illustrated notes

Levels and vault maps discovered:
D:1:      nzn_arrival_settlement, layout_loops_ring, grunt_decor_mini_mirrors,
          minmay_misc_feat_enclosed
D:2:      layout_basic, nicolae_ru_awakened_eye, kiku_gazebo_pond_becter,
          minmay_crystal_water, chequers_avenue, chequers_hall_statues_y,
          grunt_qazlal_clouds
D:3:      layout_basic, nicolae_overflow_crystal_walls, st_stairs_3
D:4:      wad_woods_tower, layout_basic, tso_oasis_becter, xom_butterflies,
          gammafunk_temple_overflow_statue

Skill      XL: |  1  2  3  4  5 |
---------------+----------------+-----
Maces & Flails | 4 5 |  5.9
Fighting       | 1 2 3 |  3.8
Evocations     | 2 3 |  3.5
Shields        | |  1.2
Spellcasting   | |  1.8
Transmutations | |  1.5
Earth Magic    | |  1.0

Action                   |  1- 3 |  4- 6 || total
-------------------------+-------+-------++-------
Melee: Club              |    79 |   209 ||   288
       Headbutt          |    11 |    28 ||    39
Evoke: Wand              |     1 |     7 ||     8
  Use: Potion            |       |     2 ||     2
 Stab: Sleeping          |     1 |       ||     1
Armor: Robe              |    22 |    46 ||    68
       Skin              |       |    20 ||    20
Dodge: Dodged            |    46 |   120 ||   166

Table legend: (Time is in decaauts)
 A = Elapsed time spent in this place.
 B = Non-inter-level travel time spent in this place.
 C = Inter-level travel time spent in this place.
 D = Time resting spent in this place.
 E = Time spent auto-exploring this place.
 F = Levels seen in this place.
 G = Mean time per level.
                   A        B        C        D        E       F      G
               +--------+--------+--------+--------+--------+-----+--------+
         Total |   5124 |   5052 |     72 |   1245 |   3017 |   4 | 1281.0 |
       Dungeon |   5124 |   5052 |     72 |   1245 |   3017 |   4 | 1281.0 |
               +--------+--------+--------+--------+--------+-----+--------+

Top non-repeatable levels by time:
     D:2: 1983 daAuts
     D:3: 1636 daAuts
     D:1: 1246 daAuts
     D:4: 259 daAuts
